Construct Section Command Post
Construct Field Infirmary
Construct Platoon Command Post
Selects Canadian Shock Battlegroup
Selects Offensive Resupply
Selects Incendiary Munitions
Unlock Bishop Self-propelled Artillery
Bishop Self-propelled Artillery
Bishop Self-propelled Artillery
Selects Canadian Shock Section
6-pounder Anti-tank Gun Team
Selects Canadian Shock Section
Bishop Self-propelled Artillery
Bishop Self-propelled Artillery
Construct Company Command Post
Selects Churchill Crocodile Heavy Tank
Churchill Crocodile Heavy Tank
Churchill Crocodile Heavy Tank
Unlock M3 Grant Medium Tanks